 Dungeon Crawl Stone Soup version 0.28-a0-1477-g273aa18710 (webtiles) character file.

Game seed: 7674989678674606454

3417 IndexError the Summoner (level 10, -1/73 HPs)
             Began as a Gnoll Summoner on Jan 11, 2022.
             Was an Initiate of Ashenzari.
             Slain by a killer bee (3 damage)
             ... on level 8 of the Dungeon.
             The game lasted 00:17:07 (8390 turns).

IndexError the Summoner (Gnoll Summoner)            Turns: 8390, Time: 00:17:08

Health: -1/73      AC:  5    Str:  7    XL:     10   Next: 5%
Magic:  7/20       EV: 16    Int: 19    God:    Ashenzari [......]
Gold:   473        SH:  0    Dex: 19    Spells: 10/23 levels left

rFire   . . .      SeeInvis .   e - +0 trident (protect)
rCold   + . .      Faith    .   (no shield)
rNeg    . . .      Spirit   .   D - +2 robe {rC+}
rPois   .          Reflect  .   E - +0 helmet
rElec   .          Harm     .   B - scarf {shadows}
rCorr   +          Rampage  .   (no gloves)
Will    .....                   (no boots)
Stlth   ++++......              w - amulet of regeneration {+regen, !d}
HPRegen 1.02/turn               f - ring of resist corrosion
MPRegen 0.17/turn               c - +6 ring of dexterity

@: lethally poisoned (-1 -> -4)
A: fangs 1, strong nose, distributed training
a: Renounce Religion, Curse Item


You were on level 8 of the Dungeon.
You worshipped Ashenzari.
Ashenzari was noncommittal.
You visited 2 branches of the dungeon, and saw 9 of its levels.

You collected 473 gold pieces.

Inventory:

Hand Weapons
 e - a +0 trident of protection (weapon)
   (You found it on level 1 of the Dungeon)
 C - a +2 whip of flaming
   (You found it on level 6 of the Dungeon)
Missiles
 a - 2 boomerangs
 t - 10 javelins (quivered)
Armour
 B - a scarf of shadows (worn)
   (You found it on level 6 of the Dungeon)
 D - a +2 robe of cold resistance (worn)
   (You found it on level 6 of the Dungeon)
 E - a +0 helmet (worn)
   (You found it on level 7 of the Dungeon)
Magical Staves
 v - a staff of poison {rPois}
   (You found it on level 4 of the Dungeon)
Jewellery
 c - a +6 ring of dexterity (right hand)
   (You found it on level 1 of the Dungeon)
 f - a ring of resist corrosion (left hand)
   (You found it on level 1 of the Dungeon)
 w - an amulet of regeneration (around neck) {+regen, !d}
   (You found it on level 4 of the Dungeon)
Wands
 q - a wand of flame (8)
   (You took it off Ijyb on level 3 of the Dungeon)
 r - a wand of mindburst (16)
   (You found it on level 7 of the Dungeon)
 s - a wand of iceblast (11)
   (You found it on level 4 of the Dungeon)
 y - a wand of polymorph (11)
   (You found it on level 7 of the Dungeon)
 A - a wand of acid (9)
   (You found it on level 6 of the Dungeon)
 G - a wand of charming (9)
   (You found it on level 8 of the Dungeon)
Scrolls
 b - 5 scrolls of identify {unknown}
 d - 2 scrolls of vulnerability {unknown}
 g - 2 scrolls of amnesia {unknown}
 h - 4 scrolls of teleportation {unknown}
 j - a scroll of fog {unknown}
 k - 2 scrolls of immolation {!r}
 o - 3 scrolls of magic mapping {unknown}
Potions
 i - a potion of flight {unknown}
 l - 3 potions of magic {unknown}
 m - a potion of attraction {unknown}
 n - 3 potions of brilliance {unknown}
 p - a potion of resistance {unknown}
 u - 2 potions of berserk rage {unknown}
 x - 2 potions of curing
 z - a potion of mutation {unknown}
 F - 2 potions of might {unknown}


   Skills:
 + Level 4.8 Fighting
 + Level 4.8 Short Blades
 + Level 4.8 Long Blades
 + Level 4.8 Axes
 + Level 4.8 Maces & Flails
 + Level 4.8 Polearms
 + Level 4.8 Staves
 + Level 4.8 Slings
 + Level 4.8 Bows
 + Level 4.8 Crossbows
 + Level 4.8 Throwing
 + Level 4.8 Armour
 + Level 6.7 Dodging
 + Level 6.5 Stealth
 + Level 4.8 Shields
 + Level 4.8 Unarmed Combat
 + Level 7.0 Spellcasting
 + Level 4.0 Conjurations
 + Level 4.0 Hexes
 + Level 8.2 Summonings
 + Level 4.0 Necromancy
 + Level 4.0 Translocations
 + Level 4.0 Transmutations
 + Level 4.0 Fire Magic
 + Level 4.0 Ice Magic
 + Level 4.0 Air Magic
 + Level 4.0 Earth Magic
 + Level 4.0 Poison Magic
 + Level 5.3 Invocations
 + Level 4.8 Evocations


You had 10 spell levels left.
You knew the following spells:

 Your Spells              Type           Power      Damage    Failure   Level
a - Summon Small Mammal   Summ           100%       N/A       1%          1
b - Call Canine Familiar  Summ           38%        N/A       1%          3
c - Call Imp              Summ           38%        N/A       1%          2
d - Summon Guardian Gole  Hex/Summ       30%        N/A       2%          3
e - Summon Lightning Spi  Summ/Air       30%        N/A       8%          4

Your spell library contained the following spells:

 Spells                   Type           Power      Damage    Failure   Level
 Corpse Rot               Necr/Air       44%        N/A       3%          2
 Poisonous Vapours        Pois/Air       44%        N/A       3%          2
 Scorch                   Fire           44%        2d7       3%          2
 Inner Flame              Hex/Fire       22%        N/A       6%          3
 Cause Fear               Hex            11%        N/A       19%         4
 Flame Wave               Conj/Fire      22%        2d6       19%         4
 Summon Cactus Giant      Summ           19%        N/A       45%         6
 Discord                  Hex            11%        N/A       100%        8


Dungeon Overview and Level Annotations

Branches:
Dungeon (8/15)             Temple (1/1) D:7
   Lair: D:8-11

Altars:
Ashenzari
Cheibriados
Dithmenos
Elyvilon
Fedhas
Hepliaklqana
Kikubaaqudgha
Nemelex Xobeh
Qazlal
Ru
Uskayaw
Wu Jian
Xom
Yredelemnul
The Shining One

Shops:
D:1 (   D:2 (

Annotations:
D:4 1 runed translucent door, cariele's ghost, amateur TrCK


Innate Abilities, Weirdness & Mutations

You have very sharp teeth.
Your uncanny sense of smell can sniff out nearby items.
Your experience applies equally to all skills.


Message History

The killer bee poisons you!
You take 6 damage, and have 50/73 hp.
Casting: Summon Small Mammal (safe; 1% risk of failure)
Confirm with . or Enter, or press ? or * to list all spells.
You feel very sick.
The killer bee stings you but does no damage.
The killer bee misses you. x2; The killer bee barely misses you.
The killer bee misses you. The killer bee closely misses you.
You take 3 damage, and have 47/73 hp.
You now have 12/20 mp.
You feel very sick. The killer bee stings you.
You are more poisoned.
The killer bee poisons you! The killer bee barely misses you.
Your rat bites the white imp but does no damage.
The killer bee misses you. The killer bee stings you.
Your hound misses the killer bee.
You take 9 damage, and have 38/73 hp.
You feel very sick.
Your hound bites the killer bee.
The killer bee completely misses your hound.
Your rat closely misses the bullfrog.
Your hound bites the killer bee.
You take 4 damage, and have 34/73 hp.
You feel very sick.
The killer bee closely misses your hound.
The killer bee stings your hound.
Your hound is poisoned.
The killer bee poisons your hound! The killer bee stings your hound!
The killer bee stings your hound. The killer bee stings you.
Your hound completely misses the killer bee.
The white imp hits your hound. The white imp freezes your hound.
Your hound's corpse disappears in a puff of smoke!
You take 7 damage, and have 27/73 hp.
Casting: Call Canine Familiar (safe; 1% risk of failure)
Confirm with . or Enter, or press ? or * to list all spells.
A guardian golem appears, shielding your allies.
You feel very sick. The killer bee closely misses you.
The killer bee completely misses you. The killer bee misses you.
The killer bee barely misses you.
You take 2 damage, and have 25/73 hp.
You now have 9/20 mp.
You feel sick. The killer bee stings you.
* * * LOW HITPOINT WARNING * * *
You are more poisoned.
The killer bee poisons you! The killer bee barely misses you.
You take 6 damage, and have 19/73 hp.
You open the door.
You feel very sick. The killer bee stings you.
* * * LOW HITPOINT WARNING * * *
The killer bee stings you.
* * * LOW HITPOINT WARNING * * *
You are lethally poisoned!
The killer bee poisons you!
The killer bee stings you but does no damage.
The killer bee misses you.
The killer bee stings you but does no damage.
The killer bee closely misses you.
The white imp shouts, "Fly, thou dissembling milk-livered dingleberry!"
The killer bee barely misses you.
You take 10 damage, and have 9/73 hp.
* * * LOW HITPOINT WARNING * * *
You feel very sick. The killer bee closely misses you.
Your rat closely misses the white imp.
The killer bee misses you.
There is an open door here.
You take 4 damage, and have 5/73 hp.
* * * LOW HITPOINT WARNING * * *
You feel very sick.
You take 3 damage, and have 2/73 hp.
It was a potion of curing.
You feel better.
Your rat bites the white imp.
The killer bee completely misses you.
You regained 8 hp, and now have 10/73 hp.
Casting: Summon Guardian Golem (mildly dangerous; 2% risk of failure)
Confirm with . or Enter, or press ? or * to list all spells.
Okay, then.
Really read
k - 3 scrolls of immolation {!r}? [Y]es or [N]o only, please.
Really read
k - 3 scrolls of immolation {!r}? [Y]es or [N]o only, please.
Really read
k - 3 scrolls of immolation {!r}? [Y]es or [N]o only, please.
Really read
k - 3 scrolls of immolation {!r}?
Really read the scroll of immolation?
As you read the scroll of immolation {!r}, it crumbles to dust.
The creatures around you are filled with an inner flame!
The killer bee stings you.
* * * LOW HITPOINT WARNING * * *
The killer bee completely misses you. The killer bee misses you.
The killer bee stings you but does no damage.
The killer bee barely misses you.
You take 3 damage, and have 7/73 hp.
Casting: Summon Guardian Golem (mildly dangerous; 2% risk of failure)
Confirm with . or Enter, or press ? or * to list all spells.
The killer bee stings you.
* * * LOW HITPOINT WARNING * * *
You are poisoned.
The killer bee poisons you! The killer bee stings you.
* * * LOW HITPOINT WARNING * * *
The killer bee misses you. x2; Your rat closely misses the killer bee.
The killer bee misses you. The killer bee stings you.
You die...

####.##'###..
#....##.###+## ∆
##....#..#...###+#
#....#..#........ ..
#....#..'........
.###########.#######.###+##
.##.#...#..#.###.###.##
.....#.......#.hy#F...#
.....#.......#..@yy9..#
.....'.......+..y#y5..#
.....#.......#...#.r..#
....###+###..######...#
####### #..# ##...+ ∆
......+ .... +....# ......#
#....# # .....## #...## .#
.....##### #...##..#


You could see a bullfrog (inner flame, ally target), 5 killer bees, a white imp
(inner flame), a friendly guardian golem (summoned), a friendly wolf (summoned)
and a friendly rat (summoned, inner flame, sheltered).

Vanquished Creatures
  A sky beast (D:5)
  A necrophage (D:6)
  A bullfrog (D:6)
  2 hounds
  An orc priest (D:8)
  2 bullfrog skeletons
  Ijyb (D:3)
  An iguana (D:5)
  An orc wizard (D:7)
  2 adders
  A worm (D:2)
  A dart slug (D:1)
  3 orcs
  A ball python (D:3)
  2 endoplasms
  3 giant cockroaches
  A goblin (D:4)
  5 hobgoblins
  2 jackals (D:1)
  4 bats
  7 kobolds
  5 rats
48 creatures vanquished.

Vanquished Creatures (collateral kills)
  A troll (D:8)
  Grinder (D:5)
  Prince Ribbit (D:5)
  A human (D:6)
  An orc warrior (D:6)
  A hornet zombie (D:7)
  2 sky beasts
  2 ogres
  A centaur (D:7)
  A kobold brigand (D:8)
  2 bullfrogs (D:7)
  3 scorpions
  A jelly (D:6)
  2 hounds (D:6)
  An orc priest (D:7)
  2 bullfrog skeletons
  A centaur skeleton (D:6)
  2 iguanas
  An orc wizard (D:6)
  A killer bee zombie (D:5)
  6 adders
  An ufetubus (D:7)
  An adder zombie (D:5)
  A worm (D:5)
  6 orcs
  A bat (D:2)
  3 endoplasms
  2 giant cockroaches (D:1)
  A jackal (D:1)
  2 ball pythons
  2 frilled lizards
  4 goblins
  A goblin zombie (D:6)
  A jackal zombie (D:6)
  7 kobolds (D:8)
  A rat (D:1)
68 creatures vanquished.

Vanquished Creatures (others)
  Pikel (D:6)
  Edmund (D:5)
  A water moccasin (D:6)
  An orc warrior (D:6)
  A lemure (D:6)
  An orc wizard (D:6)
  2 orcs (D:6)
8 creatures vanquished.

Grand Total: 124 creatures vanquished

Notes
Turn   | Place    | Note
-------+----------+-------------------------------------------
     0 | D:1      | IndexError the Gnoll Summoner began the quest for the Orb.
     0 | D:1      | Reached XP level 1. HP: 13/13 MP: 6/6
   158 | D:1      | Found Kiuryby's Weapon Shop.
   458 | D:1      | Reached XP level 2. HP: 19/19 MP: 7/7
  1141 | D:2      | Reached XP level 3. HP: 25/25 MP: 6/9
  1202 | D:2      | Reached skill level 5 in Spellcasting
  1205 | D:2      | Learned a level 2 spell: Call Imp
  1209 | D:2      | Learned a level 3 spell: Call Canine Familiar
  1213 | D:2      | Learned a level 3 spell: Summon Guardian Golem
  1228 | D:2      | Reached skill level 1 in Invocations
  1473 | D:2      | Reached skill level 1 in Fighting
  1473 | D:2      | Reached skill level 1 in Short Blades
  1473 | D:2      | Reached skill level 1 in Long Blades
  1473 | D:2      | Reached skill level 1 in Axes
  1473 | D:2      | Reached skill level 1 in Maces & Flails
  1473 | D:2      | Reached skill level 1 in Polearms
  1473 | D:2      | Reached skill level 1 in Staves
  1473 | D:2      | Reached skill level 1 in Slings
  1473 | D:2      | Reached skill level 1 in Bows
  1473 | D:2      | Reached skill level 1 in Crossbows
  1473 | D:2      | Reached skill level 1 in Throwing
  1473 | D:2      | Reached skill level 1 in Armour
  1473 | D:2      | Reached skill level 1 in Shields
  1473 | D:2      | Reached skill level 1 in Unarmed Combat
  1473 | D:2      | Reached skill level 1 in Evocations
  1507 | D:2      | Found Acliol's Weapon Emporium.
  1728 | D:2      | Reached XP level 4. HP: 25/32 MP: 7/11
  2198 | D:3      | Reached skill level 1 in Conjurations
  2198 | D:3      | Reached skill level 1 in Hexes
  2198 | D:3      | Reached skill level 1 in Necromancy
  2198 | D:3      | Reached skill level 1 in Translocations
  2198 | D:3      | Reached skill level 1 in Transmutations
  2198 | D:3      | Reached skill level 1 in Fire Magic
  2198 | D:3      | Reached skill level 1 in Ice Magic
  2198 | D:3      | Reached skill level 1 in Air Magic
  2198 | D:3      | Reached skill level 1 in Earth Magic
  2198 | D:3      | Reached skill level 1 in Poison Magic
  2308 | D:3      | Noticed a scorpion
  2322 | D:3      | Killed a scorpion
  2323 | D:3      | Reached XP level 5. HP: 22/37 MP: 4/12
  2813 | D:3      | Noticed Ijyb
  2838 | D:3      | Killed Ijyb
  3129 | D:4      | Reached skill level 2 in Invocations
  3129 | D:4      | Reached XP level 6. HP: 20/44 MP: 8/13
  3541 | D:4      | Reached skill level 5 in Dodging
  3746 | D:4      | Found a runed translucent door.
  3748 | D:4      | Noticed cariele's ghost (amateur TrCK)
  4055 | D:5      | Entered Level 5 of the Dungeon
  4112 | D:5      | Noticed Prince Ribbit
  4125 | D:5      | Killed Prince Ribbit
  4126 | D:5      | Reached skill level 2 in Fighting
  4126 | D:5      | Reached skill level 2 in Short Blades
  4126 | D:5      | Reached skill level 2 in Long Blades
  4126 | D:5      | Reached skill level 2 in Axes
  4126 | D:5      | Reached skill level 2 in Maces & Flails
  4126 | D:5      | Reached skill level 2 in Polearms
  4126 | D:5      | Reached skill level 2 in Staves
  4126 | D:5      | Reached skill level 2 in Slings
  4126 | D:5      | Reached skill level 2 in Bows
  4126 | D:5      | Reached skill level 2 in Crossbows
  4126 | D:5      | Reached skill level 2 in Throwing
  4126 | D:5      | Reached skill level 2 in Armour
  4126 | D:5      | Reached skill level 2 in Shields
  4126 | D:5      | Reached skill level 2 in Unarmed Combat
  4126 | D:5      | Reached skill level 2 in Evocations
  4126 | D:5      | Reached XP level 7. HP: 50/50 MP: 9/15
  4131 | D:5      | Learned a level 4 spell: Summon Lightning Spire
  4240 | D:5      | Noticed Edmund
  4255 | D:5      | Killed Edmund
  4256 | D:5      | Reached skill level 2 in Conjurations
  4256 | D:5      | Reached skill level 2 in Hexes
  4256 | D:5      | Reached skill level 2 in Necromancy
  4256 | D:5      | Reached skill level 2 in Translocations
  4256 | D:5      | Reached skill level 2 in Transmutations
  4256 | D:5      | Reached skill level 2 in Fire Magic
  4256 | D:5      | Reached skill level 2 in Ice Magic
  4256 | D:5      | Reached skill level 2 in Air Magic
  4256 | D:5      | Reached skill level 2 in Earth Magic
  4256 | D:5      | Reached skill level 2 in Poison Magic
  4422 | D:5      | Reached skill level 5 in Stealth
  4422 | D:5      | Reached skill level 3 in Invocations
  4659 | D:5      | Noticed Grinder
  4724 | D:5      | Reached XP level 8. HP: 57/57 MP: 12/16
  4783 | D:5      | Found a snail-covered altar of Cheibriados.
  4843 | D:5      | Reached skill level 3 in Fighting
  4843 | D:5      | Reached skill level 3 in Short Blades
  4843 | D:5      | Reached skill level 3 in Long Blades
  4843 | D:5      | Reached skill level 3 in Axes
  4843 | D:5      | Reached skill level 3 in Maces & Flails
  4843 | D:5      | Reached skill level 3 in Polearms
  4843 | D:5      | Reached skill level 3 in Staves
  4843 | D:5      | Reached skill level 3 in Slings
  4843 | D:5      | Reached skill level 3 in Bows
  4843 | D:5      | Reached skill level 3 in Crossbows
  4843 | D:5      | Reached skill level 3 in Throwing
  4843 | D:5      | Reached skill level 3 in Armour
  4843 | D:5      | Reached skill level 3 in Shields
  4843 | D:5      | Reached skill level 3 in Unarmed Combat
  4843 | D:5      | Reached skill level 3 in Evocations
  5639 | D:5      | Killed Grinder
  5640 | D:5      | Reached skill level 6 in Spellcasting
  5908 | D:6      | Reached skill level 4 in Invocations
  5949 | D:6      | Reached skill level 3 in Conjurations
  5949 | D:6      | Reached skill level 3 in Hexes
  5949 | D:6      | Reached skill level 3 in Necromancy
  5949 | D:6      | Reached skill level 3 in Translocations
  5949 | D:6      | Reached skill level 3 in Transmutations
  5949 | D:6      | Reached skill level 3 in Fire Magic
  5949 | D:6      | Reached skill level 3 in Ice Magic
  5949 | D:6      | Reached skill level 3 in Air Magic
  5949 | D:6      | Reached skill level 3 in Earth Magic
  5949 | D:6      | Reached skill level 3 in Poison Magic
  6056 | D:6      | Reached skill level 6 in Dodging
  6097 | D:6      | Noticed Pikel
  6109 | D:6      | Reached XP level 9. HP: 49/65 MP: 11/18
  6130 | D:6      | Killed Pikel
  6131 | D:6      | Reached skill level 4 in Fighting
  6131 | D:6      | Reached skill level 4 in Short Blades
  6131 | D:6      | Reached skill level 4 in Long Blades
  6131 | D:6      | Reached skill level 4 in Axes
  6131 | D:6      | Reached skill level 4 in Maces & Flails
  6131 | D:6      | Reached skill level 4 in Polearms
  6131 | D:6      | Reached skill level 4 in Staves
  6131 | D:6      | Reached skill level 4 in Slings
  6131 | D:6      | Reached skill level 4 in Bows
  6131 | D:6      | Reached skill level 4 in Crossbows
  6131 | D:6      | Reached skill level 4 in Throwing
  6131 | D:6      | Reached skill level 4 in Armour
  6131 | D:6      | Reached skill level 6 in Stealth
  6131 | D:6      | Reached skill level 4 in Shields
  6131 | D:6      | Reached skill level 4 in Unarmed Combat
  6131 | D:6      | Reached skill level 8 in Summonings
  6131 | D:6      | Reached skill level 4 in Evocations
  6326 | D:6      | Found a runed translucent door.
  6414 | D:6      | Found a basalt altar of Yredelemnul.
  6951 | D:7      | Reached skill level 5 in Invocations
  7227 | D:7      | Found a staircase to the Ecumenical Temple.
  7255 | Temple   | Entered the Ecumenical Temple
  7443 | Temple   | Became a worshipper of Ashenzari the Shackled
  7697 | D:7      | Found a hazy altar of Hepliaklqana.
  8180 | D:8      | Reached skill level 7 in Spellcasting
  8248 | D:8      | Noticed a troll
  8260 | D:8      | Killed a troll
  8261 | D:8      | Reached skill level 4 in Conjurations
  8261 | D:8      | Reached skill level 4 in Hexes
  8261 | D:8      | Reached skill level 4 in Necromancy
  8261 | D:8      | Reached skill level 4 in Translocations
  8261 | D:8      | Reached skill level 4 in Transmutations
  8261 | D:8      | Reached skill level 4 in Fire Magic
  8261 | D:8      | Reached skill level 4 in Ice Magic
  8261 | D:8      | Reached skill level 4 in Air Magic
  8261 | D:8      | Reached skill level 4 in Earth Magic
  8261 | D:8      | Reached skill level 4 in Poison Magic
  8261 | D:8      | Reached XP level 10. HP: 73/73 MP: 15/20
  8385 | D:8      | HP: 16/73 [poisoned by a killer bee]
  8386 | D:8      | HP: 5/73 [poisoned by a killer bee]
  8387 | D:8      | HP: 2/73 [poisoned by a killer bee]
  8390 | D:8      | Slain by a killer bee

Illustrated notes

Levels and vault maps discovered:
D:1:      dpeg_arrival_concentric_ovals, layout_loops_ring, serial_shops,
          nicolae_shop_crystal, serial_bayou_pond_a
D:2:      layout_basic, serial_shops, shop_coins, minmay_misc_feat_tiny
D:3:      layout_basic, dk_vineyard_1, serial_park_tiny_2, uniq_ijyb
D:4:      layout_basic, ebering_ghost_inner_flame
D:5:      layout_loops_corners, general_overflow_altar, uniq_prince_ribbit1,
          uniq_grinder, uniq_edmund
D:6:      layout_basic, dk_yredelemnul_ordeal, uniq_pikel
D:7:      layout_basic, worldfamousw_hep_ancestral_shrine,
          minmay_temple_entry_junction, lemuel_flamethrower_1
D:8:      layout_gridville, zin_purify
Temple:   chequers_temple_sunken

Skill      XL: |  1  2  3  4  5  6  7  8  9 |
---------------+----------------------------+-----
Spellcasting   | 5 6 7 |  7.0
Invocations    | 1 2 3 4 5 |  5.3
Fighting       | 1 2 3 4 |  4.8
Short Blades   | 1 2 3 4 |  4.8
Long Blades    | 1 2 3 4 |  4.8
Axes           | 1 2 3 4 |  4.8
Maces & Flails | 1 2 3 4 |  4.8
Polearms       | 1 2 3 4 |  4.8
Staves         | 1 2 3 4 |  4.8
Slings         | 1 2 3 4 |  4.8
Bows           | 1 2 3 4 |  4.8
Crossbows      | 1 2 3 4 |  4.8
Throwing       | 1 2 3 4 |  4.8
Armour         | 1 2 3 4 |  4.8
Shields        | 1 2 3 4 |  4.8
Unarmed Combat | 1 2 3 4 |  4.8
Evocations     | 1 2 3 4 |  4.8
Conjurations   | 1 2 3 4 |  4.0
Hexes          | 1 2 3 4 |  4.0
Necromancy     | 1 2 3 4 |  4.0
Translocations | 1 2 3 4 |  4.0
Transmutations | 1 2 3 4 |  4.0
Fire Magic     | 1 2 3 4 |  4.0
Ice Magic      | 1 2 3 4 |  4.0
Air Magic      | 1 2 3 4 |  4.0
Earth Magic    | 1 2 3 4 |  4.0
Poison Magic   | 1 2 3 4 |  4.0
Dodging        | 5 6 |  6.7
Stealth        | 5 6 |  6.5
Summonings     | 8 |  8.2

Action                   |  1- 3 |  4- 6 |  7- 9 | 10-12 || total
-------------------------+-------+-------+-------+-------++-------
Melee: Unarmed           |     9 |       |       |       ||     9
       Trident           |    79 |    96 |   120 |     2 ||   297
       Bite              |     2 |     1 |    19 |       ||    22
       Punch             |       |     4 |     5 |       ||     9
       Club              |       |     5 |       |       ||     5
 Cast: Summon Small Mamm |    24 |     8 |    16 |     2 ||    50
       Call Canine Famil |     3 |    13 |    28 |     3 ||    47
       Call Imp          |     1 |     8 |    14 |     1 ||    24
       Summon Guardian G |       |       |     9 |     1 ||    10
  Use: Scroll            |       |       |       |     1 ||     1
       Potion            |       |       |       |     1 ||     1
 Stab: Sleeping          |     5 |     9 |     3 |       ||    17
       Distracted        |       |     2 |     3 |       ||     5
Armor: Robe              |    27 |    17 |    29 |     5 ||    78
Dodge: Dodged            |    67 |    59 |    74 |    41 ||   241

Table legend: (Time is in decaauts)
 A = Elapsed time spent in this place.
 B = Non-inter-level travel time spent in this place.
 C = Inter-level travel time spent in this place.
 D = Time resting spent in this place.
 E = Time spent auto-exploring this place.
 F = Levels seen in this place.
 G = Mean time per level.
                   A        B        C        D        E       F      G
               +--------+--------+--------+--------+--------+-----+--------+
         Total |   8505 |   7588 |    917 |     14 |   6247 |   9 |  945.0 |
       Dungeon |   8257 |   7369 |    888 |     14 |   6036 |   8 | 1032.1 |
        Temple |    247 |    218 |     29 |      0 |    211 |   1 |  247.0 |
               +--------+--------+--------+--------+--------+-----+--------+

Top non-repeatable levels by time:
     D:5: 1597 daAuts
     D:3: 1261 daAuts
     D:6: 1140 daAuts
     D:7: 1016 daAuts
     D:4: 1013 daAuts
     D:2: 973 daAuts
     D:1: 971 daAuts
     D:8: 284 daAuts
  Temple: 247 daAuts

Table legend:
 A = Kills in this place as a percentage of kills in entire the game.
 B = Kills by you in this place as a percentage of kills by you in the entire game.
 C = Kills by friends in this place as a percentage of kills by friends in the entire game.
 D = Other kills in this place as a percentage of other kills in the entire game.
 E = Experience gained in this place as a percentage of experience gained in the entire game.
 F = Experience gained in this place divided by the number of levels of this place that you have seen.
                   A       B       C       D       E      F
               +-------+-------+-------+-------+-------+----------------------
         Total | 100.0 | 100.0 | 100.0 | 100.0 | 100.0 | 542.4
       Dungeon | 100.0 | 100.0 | 100.0 | 100.0 | 100.0 | 610.2
               +-------+-------+-------+-------+-------+----------------------
